 Dungeon Crawl Stone Soup version 0.28-a0-1616-g050a50673c (webtiles) character file.

Game seed: 7251730153449633996

389 buddhastalin the Sneak (level 7, -3/42 HPs)
             Began as a Kobold Brigand on Jan 22, 2022.
             Slain by Menkaure (8 damage)
             ... on level 4 of the Dungeon.
             The game lasted 00:08:54 (3785 turns).

buddhastalin the Sneak (Kobold Brigand)             Turns: 3785, Time: 00:08:55

Health: -3/42      AC:  5    Str:  8    XL:     7   Next: 7%
Magic:  7/7        EV: 19    Int: 15    God:
Gold:   91         SH:  0    Dex: 16    Spells: 3/6 levels left

rFire   . . .      SeeInvis +   a - +2 dagger (venom)
rCold   . . .      Faith    .   (no shield)
rNeg    . . .      Spirit   .   c - +0 leather armour
rPois   .          Reflect  .   (no helmet)
rElec   .          Harm     .   p - +1 cloak {Will+}
rCorr   .          Rampage  .   (no gloves)
Will    +....                   (no boots)
Stlth   ++++......              (no amulet)
HPRegen 0.14/turn               b - ring of see invisible
MPRegen 0.10/turn               k - +4 ring of evasion

@: mighty, brilliant, attractive, invisible
A: small, no large weapons, nightstalker 3
a: no special abilities


You were on level 4 of the Dungeon.
You visited 1 branch of the dungeon, and saw 4 of its levels.
You also visited: Sewer.

You collected 91 gold pieces.

Inventory:

Hand Weapons
 a - a +2 dagger of venom (weapon)
Missiles
 d - 23 poisoned darts (quivered)
 e - 2 curare-tipped darts
Armour
 c - a +0 leather armour (worn)
 p - a +1 cloak of willpower (worn)
Jewellery
 b - a ring of see invisible (left hand)
 k - a +4 ring of evasion (right hand)
Scrolls
 g - a scroll of teleportation
 i - a scroll of identify
Potions
 f - a potion of brilliance
 j - a potion of flight {unknown}
 l - a potion of lignification {unknown}
 m - a potion of cancellation {unknown}
 n - 2 potions of might
 o - a potion of attraction
 r - 2 potions of curing {unknown}


   Skills:
 + Level 3.9 Fighting
 * Level 6.1 Short Blades
 - Level 2.1 Throwing
 + Level 3.6 Dodging
 + Level 6.8 Stealth
 + Level 0.1 Spellcasting


You had 3 spell levels left.
You knew the following spells:

 Your Spells              Type           Power      Damage    Failure   Level
a - Mephitic Cloud        Conj/Pois/Air  0%         N/A       75%         3

Your spell library contained the following spells:

 Spells                   Type           Power      Damage    Failure   Level
 Ignite Poison            Fire/Tmut/Pois 0%         N/A       75%         3
 Ozocubu's Armour         Ice            0%         N/A       75%         3
 Fulminant Prism          Conj/Hex       0%         3d6       98%         4
 Iskenderun's Mystic Bla  Conj/Tloc      0%         2d3       98%         4
 Freezing Cloud           Conj/Ice/Air   0%         6-21      100%        5
 Lee's Rapid Deconstruct  Erth           0%         3d5*      100%        5
 Ozocubu's Refrigeration  Ice            0%         4d5       100%        7


Dungeon Overview and Level Annotations

Branches:
Dungeon (4/15)              Sewer (visited)
 Temple: D:4-7

Altars:

Annotations:
D:4 Menkaure


Innate Abilities, Weirdness & Mutations

You are small and have problems with some larger weapons.
You are completely attuned to the shadows.


Message History

Menkaure calls on the powers of darkness!
Your body is wracked with pain!
You hit the quokka zombie.
The quokka zombie is severely damaged.
The quokka zombie closely misses you.
You hit the quokka zombie.
The quokka zombie is almost destroyed.
You hit the quokka zombie.
You destroy the quokka zombie!
Menkaure closely misses you.
You hit Menkaure but do no damage.
Menkaure gestures wildly while chanting.
Menkaure seems to speed up.
You hit Menkaure but do no damage. You hit Menkaure but do no damage.
Menkaure completely misses you.
You hit Menkaure but do no damage. Menkaure completely misses you.
You hit Menkaure.
Menkaure is lightly damaged.
Menkaure calls on the powers of darkness!
Your body is wracked with pain!
You are too injured to fight recklessly!
You are too injured to fight recklessly!
You are too injured to fight recklessly!
It was a potion of brilliance.
You feel clever all of a sudden.
Menkaure calls on the powers of darkness!
Your body is wracked with pain!
* * * LOW HITPOINT WARNING * * *
It was a potion of invisibility.
You fade into invisibility!
Menkaure misses you.
You feel very mighty all of a sudden.
Menkaure calls on the powers of darkness!
Your body is wracked with pain!
* * * LOW HITPOINT WARNING * * *
Menkaure closely misses you.
It was a potion of attraction.
You feel attractive to monsters. Menkaure hits you!
You die...

#..PP... ##..P.... .#.
......... ... ###......
#.# #...... .### #.#
#########... .8..
#.####...# ##...
$...#####........# #....
......)M@........# #....
..P.#####.#####.#####..8.
.##. #.# #.......... #.
#.# #.#####[... #. #.#
#.# ###.. #.# ### #.# ..#


You could see Menkaure (fast).

Vanquished Creatures
  A bullfrog (Sewer)
  A water moccasin zombie (D:4)
  A bullfrog zombie (D:4)
  A jelly (D:3)
  A scorpion zombie (D:4)
  8 adders
  A worm (D:2)
  2 dart slugs
  11 ball pythons
  A bat (D:2)
  16 endoplasms
  10 giant cockroaches
  4 goblins
  7 kobolds
  18 quokkas
  11 frilled lizards
  A quokka zombie (D:4)
  4 rats
99 creatures vanquished.

Vanquished Creatures (others)
  4 withered plants (D:4)
4 creatures vanquished.

Grand Total: 103 creatures vanquished

Notes
Turn   | Place    | Note
-------+----------+-------------------------------------------
     0 | D:1      | buddhastalin the Kobold Brigand began the quest for the
                  | Orb.
     0 | D:1      | Reached XP level 1. HP: 12/12 MP: 1/1
   213 | D:1      | Reached XP level 2. HP: 17/18 MP: 2/2
  1062 | D:2      | Reached XP level 3. HP: 22/22 MP: 3/3
  1546 | D:3      | Found a faded altar of an unknown god.
  1725 | D:3      | Found a glowing drain.
  1754 | D:3      | Reached XP level 4. HP: 19/27 MP: 4/4
  1853 | Sewer    | Entered a sewer
  2197 | Sewer    | Reached XP level 5. HP: 23/32 MP: 5/5
  2742 | Sewer    | Noticed a bullfrog
  2764 | Sewer    | Killed a bullfrog
  2765 | Sewer    | Reached skill level 5 in Short Blades
  2765 | Sewer    | Reached XP level 6. HP: 26/37 MP: 6/6
  3715 | D:4      | Reached XP level 7. HP: 42/42 MP: 7/7
  3725 | D:4      | Learned a level 3 spell: Mephitic Cloud
  3761 | D:4      | Noticed Menkaure
  3785 | D:4      | Slain by Menkaure

Illustrated notes

Levels and vault maps discovered:
D:1:      scummos_arrival_simple_fountains, layout_basic
D:2:      layout_rooms
D:3:      layout_loops_corners, gup_sewer_entry_pipe,
          ebering_ecumenical_altar_webs, hangedman_decor_opposing,
          chequers_serial_rivers_micro_c
D:4:      layout_loops_ring, serial_undead, serial_undead_d, serial_undead_b,
          serial_undead_a, serial_undead_f, serial_undead_d, serial_undead_e,
          serial_undead_f, serial_undead_a, serial_undead_e, serial_undead_e,
          uniq_menkaure

Skill      XL: |  1  2  3  4  5  6 |
---------------+-------------------+-----
Short Blades   | 3 4 5 6 |  6.1
Dodging        | 2 3 |  3.6
Fighting       | 3 |  3.9
Stealth        | 6 |  6.8
Throwing       | |  2.1
Spellcasting   | |  0.1

Action                   |  1- 3 |  4- 6 |  7- 9 || total
-------------------------+-------+-------+-------++-------
Melee: Dagger            |    79 |   213 |    13 ||   305
  Use: Scroll            |     4 |     1 |       ||     5
       Potion            |       |       |     4 ||     4
 Stab: Sleeping          |    16 |    25 |     1 ||    42
       Distracted        |       |       |     1 ||     1
Armor: Robe              |     2 |       |       ||     2
       Leather armour    |    16 |    42 |       ||    58
Dodge: Dodged            |    42 |   129 |     9 ||   180

Table legend: (Time is in decaauts)
 A = Elapsed time spent in this place.
 B = Non-inter-level travel time spent in this place.
 C = Inter-level travel time spent in this place.
 D = Time resting spent in this place.
 E = Time spent auto-exploring this place.
 F = Levels seen in this place.
 G = Mean time per level.
                   A        B        C        D        E       F      G
               +--------+--------+--------+--------+--------+-----+--------+
         Total |   3785 |   3775 |     10 |    698 |   2285 |   5 |  757.0 |
       Dungeon |   2728 |   2718 |     10 |    119 |   2119 |   4 |  682.0 |
         Sewer |   1056 |   1056 |      0 |    579 |    166 |   1 | 1056.0 |
               +--------+--------+--------+--------+--------+-----+--------+

Top non-repeatable levels by time:
     D:3: 1103 daAuts
   Sewer: 1056 daAuts
     D:1: 1019 daAuts
     D:2: 515 daAuts
     D:4: 91 daAuts
